 Dungeon Crawl Stone Soup version 0.29.1-1-gd02db69 (webtiles) character file.

Game seed: 8786804643438719585

1067 Timinator the Insei (level 7, -5/57 HPs)
             Began as a Demigod Transmuter on Dec 22, 2022.
             Killed from afar by a steam dragon (12 damage)
             ... with a ball of steam
             ... on level 5 of the Dungeon.
             The game lasted 00:17:01 (6922 turns).

Timinator the Insei (Demigod Transmuter)            Turns: 6922, Time: 00:17:03

Health: -5/57      AC:  5    Str: 15    XL:     7   Next: 79%
Magic:  14/15      EV: 11    Int: 15    God:
Gold:   292        SH:  0    Dex: 18    Spells: 3/12 levels left

rFire   . . .      SeeInvis .     - Unarmed
rCold   . . .      Faith    .   (no shield)
rNeg    . . .      Spirit   .   i - +0 ring mail
rPois   .          Reflect  .   (helmet currently unavailable)
rElec   .          Harm     .   (no cloak)
rCorr   .          Rampage  .   (no gloves)
Will    .....                   (boots currently unavailable)
Stlth   +.........              (no amulet)
HPRegen 0.19/turn               (no ring)
MPRegen 0.14/turn               (no ring)

@: appendages, wereblooded (expiring)
A: horns 2, talons 2, high MP 1, forlorn, divine attributes
a: End Transformation


You were on level 5 of the Dungeon.
You had temporarily grown beastly horns and talons.
You visited 1 branch of the dungeon, and saw 5 of its levels.
You also visited: Sewer.

You collected 292 gold pieces.

Inventory:

Armour
 a - a +0 robe
 i - a +0 ring mail (worn)
 r - a +0 helmet (melded)
Scrolls
 b - a scroll of fear {unknown}
 g - a scroll of amnesia
 h - 2 scrolls of magic mapping {unknown}
 j - a scroll of brand weapon {unknown}
 l - 4 scrolls of torment
 n - a scroll of poison {unknown}
 p - a scroll of noise {unknown}
 q - a scroll of teleportation {unknown}
 s - 2 scrolls of immolation {unknown}
Potions
 c - 3 potions of curing
 d - a potion of might {unknown}
 e - a potion of heal wounds
 k - a potion of ambrosia {unknown}
 m - a potion of invisibility {unknown}
 o - a potion of resistance {unknown}
 t - 2 potions of haste


   Skills:
 * Level 3.2 Fighting
 - Level 3.0 Armour
 + Level 2.4 Dodging
 + Level 4.9 Unarmed Combat
 + Level 3.3 Spellcasting
 * Level 4.8 Transmutations
 + Level 0.1 Earth Magic


You had 3 spell levels left.
You knew the following spells:

 Your Spells              Type           Power      Damage    Failure   Level
a - Beastly Appendage     Tmut           34%        N/A       4%          1
b - Wereblood             Tmut           17%        N/A       8%          2
c - Ice Form              Ice/Tmut       9%         N/A       80%         4
d - Passwall              Tmut/Erth      8%         N/A       21%         2

Your spell library contained the following spells:

 Spells                   Type           Power      Damage    Failure   Level
 Sandblast                Erth           6%         2d5       34%         1
 Spider Form              Tmut/Pois      9%         N/A       38%         3
 Stone Arrow              Conj/Erth      4%         3d7       71%         3


Dungeon Overview and Level Annotations

Branches:
Dungeon (5/15)              Sewer (visited)
 Temple: D:4-7


Innate Abilities, Weirdness & Mutations

You have temporarily grown beastly horns and talons.
You have an increased reservoir of magic. (+10% MP)
You shall have no god before yourself.
Your divine heritage dramatically boosts your attributes as you level up.


Message History

You hit the iguana.
You feel a bit better.
You kill the iguana!
A steam dragon comes into view.
The steam dragon hisses angrily.
Casting: Wereblood (safe; 8% risk of failure)
Confirm with . or Enter, or press ? or * to list all spells.
You extend your transformation's duration.
You punch the steam dragon! You headbutt the steam dragon.
The steam dragon is moderately wounded.
The steam dragon bites you.
The steam dragon claws you but does no damage.
You hit the steam dragon. You claw the steam dragon.
You headbutt the steam dragon.
The steam dragon is severely wounded.
You howl as the wereblood boils in your veins!
The steam dragon bites you!
The steam dragon claws you but does no damage.
You barely miss the steam dragon. Your kick misses the steam dragon.
The steam dragon is severely wounded.
Your primal bloodlust is almost over.
The steam dragon breathes steam at you. The ball of steam hits you!
The steam dragon barely misses you. The steam dragon claws you.
You hit the steam dragon but do no damage.
Your headbutt misses the steam dragon. Your punch misses the steam dragon.
The steam dragon is severely wounded.
The steam dragon bites you!
* * * LOW HITPOINT WARNING * * *
The steam dragon claws you but does no damage.
You barely miss the steam dragon. Your headbutt misses the steam dragon.
The steam dragon is severely wounded.
The steam dragon bites you but does no damage.
The steam dragon closely misses you.
You hit the steam dragon. You claw the steam dragon.
The steam dragon is almost dead.
You are engulfed in a cloud of scalding steam.
* * * LOW HITPOINT WARNING * * *
The steam dragon breathes steam at you. The ball of steam hits you!
You die...

#.....<..#
##########........#
..............#####
##########.....#
#..)#.### #...#...#
#######.# ####.###
#...@D.# #§.§.#.#
#..§§#.## #§...#..#
#######D# .# .. ...
.##.


You could see a steam dragon (catching breath).

Vanquished Creatures
  A black bear (D:4)
  2 ogres
  2 phantoms (D:4)
  A kobold brigand (Sewer)
  A scorpion (D:4)
  A howler monkey (D:5)
  A jelly (D:5)
  A hound (D:4)
  An orc priest (D:3)
  5 iguanas
  2 orc wizards (D:3)
  3 gnolls (D:4)
  9 adders
  2 river rats (Sewer)
  A shadow imp (D:5)
  An ufetubus (D:5)
  2 worms
  12 orcs
  8 endoplasms
  A giant cockroach (D:1)
  2 goblins
  5 hobgoblins
  4 jackals
  10 kobolds
  5 quokkas
  3 ball pythons
  4 bats
  5 frilled lizards
  10 rats
105 creatures vanquished.

Notes
Turn   | Place    | Note
-------+----------+-------------------------------------------
     0 | D:1      | Timinator the Demigod Transmuter began the quest for the
                  | Orb.
     0 | D:1      | Reached XP level 1. HP: 15/15 MP: 5/5
   158 | D:1      | Reached skill level 1 in Fighting
   439 | D:1      | Reached XP level 2. HP: 23/23 MP: 5/7
   948 | D:2      | Identified the +11 short sword of the Crafting Gods {drain,
                  | rF+ Int-5 SInv}
  1348 | D:2      | Reached XP level 3. HP: 28/28 MP: 6/8
  2059 | D:3      | Found a glowing drain.
  2085 | D:3      | Reached skill level 1 in Armour
  2089 | Sewer    | Entered a sewer
  2113 | Sewer    | Reached XP level 4. HP: 23/35 MP: 6/10
  2121 | Sewer    | Learned a level 2 spell: Wereblood
  2276 | Sewer    | Noticed a kobold brigand
  2393 | Sewer    | Noticed a kobold brigand
  2939 | Sewer    | Killed a kobold brigand
  3335 | D:3      | Reached XP level 5. HP: 27/41 MP: 8/11
  3338 | D:3      | HP: 2/41 [orc priest/divine providence (13)]
  4604 | D:4      | Noticed a black bear
  4859 | D:4      | Killed a black bear
  4860 | D:4      | Reached XP level 6. HP: 34/48 MP: 10/12
  5301 | D:4      | Reached XP level 7. HP: 37/56 MP: 14/14
  6116 | D:5      | Entered Level 5 of the Dungeon
  6432 | D:5      | Learned a level 1 spell: Beastly Appendage
  6435 | D:5      | Learned a level 2 spell: Passwall
  6440 | D:5      | Learned a level 4 spell: Ice Form
  6908 | D:5      | Noticed a steam dragon
  6922 | D:5      | Killed from afar by a steam dragon

Illustrated notes

Levels and vault maps discovered:
D:1:      spicycebolla_arrival_clurvy, layout_basic, minmay_pentomino_x2
D:2:      layout_rooms, ebering_ecumenical_altar_webs
D:3:      layout_loops_corners, nicolae_overflows_in_rows,
          cheibrodos_sewer_entry_bend, nrook_loot_triangle, st_stairs_9
D:4:      layout_cave_pools, nicolae_wu_jian_wuxing_cycle,
          hangedman_abyss_or_decor_stabs, st_stairs_9
D:5:      minmay_clustersquares, layout_basic, lemuel_crystal_altar,
          item_on_display_b

Skill      XL: |  1  2  3  4  5  6  7 |
---------------+----------------------+-----
Fighting       | 1 2 3 |  3.2
Unarmed Combat | 3 4 |  4.9
Transmutations | 2 3 4 |  4.8
Spellcasting   | 2 3 |  3.3
Dodging        | 2 |  2.4
Armour         | 1 2 3 |  3.0
Earth Magic    | |  0.1

Action                   |  1- 3 |  4- 6 |  7- 9 || total
-------------------------+-------+-------+-------++-------
Melee: Unarmed           |   113 |   191 |   103 ||   407
       Kick              |    26 |    32 |    25 ||    83
       Headbutt          |    10 |    21 |    17 ||    48
       Punch             |     1 |     9 |     3 ||    13
 Cast: Beastly Appendage |    27 |    21 |    13 ||    61
       Wereblood         |       |     5 |     4 ||     9
       Passwall          |       |       |     3 ||     3
  Use: Potion            |       |     2 |     1 ||     3
       Scroll            |       |       |     4 ||     4
 Stab: Sleeping          |     1 |       |       ||     1
Armor: Robe              |     9 |       |       ||     9
       Ring mail         |     7 |    51 |    26 ||    84
       Skin              |       |       |     3 ||     3
Dodge: Dodged            |    62 |    67 |    61 ||   190
